 Dungeon Crawl Stone Soup version 0.29-a0-813-g4a14ea37d6 (webtiles) character file.

Game seed: 1277867226266005976

367 LynnLen the Sneak (level 6, -7/32 HPs)
             Began as a Vampire Enchanter on July 4, 2022.
             Mangled by a mummy (12 damage)
             ... in an ossuary.
             The game lasted 00:20:10 (3726 turns).

LynnLen the Sneak (Vampire Enchanter)               Turns: 3726, Time: 00:20:11

Health: -7/32      AC:  6    Str:  7    XL:     6   Next: 41%
Magic:  6/9        EV: 12    Int: 23    God:
Gold:   145        SH:  0    Dex: 17    Spells: 3/9 levels left

rFire   . . .      SeeInvis +   a - +1 dagger
rCold   + + .      Faith    .   (no shield)
rNeg    + + +      Spirit   .   n - +0 leather armour
rPois   ∞          Reflect  .   h - +2 helmet
rElec   .          Harm     .   (no cloak)
rCorr   .          Rampage  .   (no gloves)
Will    .....                   (no boots)
Stlth   ++++++....              (no amulet)
HPRegen 0.00/turn               e - +6 ring of intelligence
MPRegen 0.11/turn               (no ring)

@: bloodless, inhibited regen
A: bloodless, fangs 3, see invisible, vampiric 2
a: Bat Form, Revivify


You were in an ossuary.
You visited 1 branch of the dungeon, and saw 4 of its levels.
You also visited: Ossuary.

You collected 145 gold pieces.

Inventory:

Hand Weapons
 a - a +1 dagger (weapon)
Missiles
 d - 55 stones (quivered)
Armour
 h - a +2 helmet (worn)
 n - a +0 leather armour (worn)
Jewellery
 e - a +6 ring of intelligence (left hand)
Wands
 k - a wand of roots (6)
Scrolls
 g - a scroll of amnesia {unknown}
 j - 2 scrolls of teleportation
 m - a scroll of immolation
 q - a scroll of vulnerability {unknown}
 s - a scroll of blinking {unknown}
Potions
 b - 2 potions of curing
 c - 2 potions of invisibility
 f - 5 potions of lignification
 i - 2 potions of might
 l - 2 potions of flight
 o - a potion of haste
 p - a potion of berserk rage {unknown}
 r - a potion of magic {unknown}


   Skills:
 * Level 4.6 Short Blades
 + Level 2.9 Dodging
 + Level 7.5 Stealth
 + Level 2.4 Spellcasting
 + Level 5.4 Hexes


You had 3 spell levels left.
You knew the following spells:

 Your Spells              Type           Power      Damage    Failure   Level
a - Confusing Touch       Hex            27%        N/A       6%          3
b - Tukima's Dance        Hex            27%        N/A       6%          3

Your spell library contained the following spells:

 Spells                   Type           Power      Damage    Failure   Level
 Ensorcelled Hibernation  Hex/Ice        30%        N/A       10%         2
 Dazzling Flash           Conj/Hex       30%        N/A       19%         3


Dungeon Overview and Level Annotations

Branches:
Dungeon (4/15)             Temple (0/1) D:4         Ossuary (1/1)

Altars:

Shops:
D:4 (


Innate Abilities, Weirdness & Mutations

You do not regenerate when monsters are visible.
You are frail without blood (-20% HP).
You can heal yourself when you bite living creatures.
You are immune to poison.
You have razor-sharp teeth.
You have supernaturally acute eyesight. (SInv)
You are afflicted with vampirism and can become a bat while bloodless.


Message History

You barely miss the mummy. The mummy hits you. x2
You hit the mummy but do no damage. You bite the mummy, but do no damage.
You hit the mummy but do no damage. The mummy barely misses you.
You hit the mummy but do no damage.
The mummy appears confused.
You bite the mummy, but do no damage. The mummy hits you!
* * * LOW HITPOINT WARNING * * *
You hit the mummy.
The mummy is lightly damaged.
You feel better. The mummy closely misses you.
You feel better. The mummy barely misses you.
The mummy barely misses the mummy.
You hit the mummy.
The mummy is lightly damaged.
The mummy closely misses you.
You hit the mummy but do no damage.
The mummy is lightly damaged.
You hit the mummy.
The mummy is moderately damaged.
The mummy barely misses you.
You hit the mummy. You punch the mummy, but do no damage.
The mummy is moderately damaged.
The mummy hits the mummy!
The mummy hits itself but does no damage.
You barely miss the mummy.
The mummy is almost destroyed.
The mummy barely misses you.
You hit the mummy. You punch the mummy.
You destroy the mummy!
You hit the mummy. You bite the mummy, but do no damage.
The mummy is moderately damaged.
The mummy hits you but does no damage.
The mummy hits itself.
The mummy seems less confused.
The mummy hits you!
Ouch! That really hurt!
* * * LOW HITPOINT WARNING * * *
You hit the mummy. Your bite misses the mummy.
The mummy is severely damaged.
You hit the mummy but do no damage.
The mummy is severely damaged.
The mummy hits you!
You die...

...##....##....
......MM.......
.Z............
............
#........#
#......# #....#
#...M# #...@#
#....# #....#
#....# #....#
#....# #.∩∩.#
######


You could see 3 mummies and a hobgoblin zombie (dormant).

Vanquished Creatures
  Grinder (D:3)
  An iguana (D:4)
  A mummy (Ossuary)
  7 adders
  3 worms (D:3)
  A dart slug (D:1)
  An orc (D:4)
  4 ball pythons
  7 bats
  4 endoplasms
  3 giant cockroaches
  7 goblins
  3 hobgoblins
  5 jackals
  4 quokkas
  2 frilled lizards (D:1)
  A gnoll zombie (Ossuary)
  A hobgoblin zombie (Ossuary)
  2 kobolds
  3 kobold zombies (Ossuary)
  2 orc zombies (Ossuary)
  9 rats
72 creatures vanquished.

Vanquished Creatures (collateral kills)
  An orc (D:3)
1 creature vanquished.

Grand Total: 73 creatures vanquished

Notes
Turn   | Place    | Note
-------+----------+-------------------------------------------
     0 | D:1      | LynnLen the Vampire Enchanter began the quest for the Orb.
     0 | D:1      | Reached XP level 1. HP: 13/13 MP: 3/3
   410 | D:1      | Reached XP level 2. HP: 13/13 MP: 5/5
   780 | D:1      | Reached skill level 5 in Stealth
  1381 | D:1      | Reached skill level 5 in Hexes
  1511 | D:2      | Gained mutation: You are afflicted with vampirism and can
                  | become a bat while bloodless. [Vampire growth]
  1511 | D:2      | Reached XP level 3. HP: 16/16 MP: 6/6
  1602 | D:2      | Learned a level 3 spell: Confusing Touch
  1606 | D:2      | Learned a level 3 spell: Tukima's Dance
  2321 | D:3      | Reached XP level 4. HP: 19/24 MP: 3/7
  2388 | D:3      | Found a faded altar of an unknown god.
  2793 | D:3      | Reached skill level 6 in Stealth
  2970 | D:3      | Noticed Grinder
  2991 | D:3      | Killed Grinder
  2992 | D:3      | Reached skill level 7 in Stealth
  2992 | D:3      | Reached XP level 5. HP: 21/28 MP: 5/8
  2992 | D:3      | Reached XP level 6. HP: 24/32 MP: 5/9
  3280 | D:4      | Found Otoutsen's Antique Weapon Boutique.
  3471 | D:4      | Found a staircase to the Ecumenical Temple.
  3604 | D:4      | Found a sand-covered staircase.
  3619 | Ossuary  | Entered an ossuary
  3726 | Ossuary  | Mangled by a mummy

Illustrated notes

Levels and vault maps discovered:
D:1:      scummos_arrival_checkerplants, layout_basic, chequers_arboretum
D:2:      layout_rooms, basic_altar, chequers_serial_rivers_room_a
D:3:      layout_rooms, hellmonk_ecumenical_altar_arch_garden, uniq_grinder
D:4:      layout_basic, minmay_temple_entry_glassed_door,
          nicolae_ossuary_entry_monument, serial_shops, nicolae_square_shop,
          st_stairs_12
Ossuary:  ossuary_tomb_3

Skill      XL: |  1  2  3  4 |
---------------+-------------+-----
Stealth        | 5 7 |  7.5
Hexes          | 5 |  5.4
Short Blades   | 2 4 |  4.6
Dodging        | |  2.9
Spellcasting   | |  2.4

Action                   |  1- 3 |  4- 6 || total
-------------------------+-------+-------++-------
Melee: Dagger            |   102 |   152 ||   254
       Bite              |     6 |    16 ||    22
       Punch             |       |     2 ||     2
 Cast: Confusing Touch   |     1 |     6 ||     7
       Tukima's Dance    |       |     1 ||     1
 Abil: Exsanguinate      |     2 |       ||     2
       Revivify          |     1 |       ||     1
  Use: Scroll            |     7 |     3 ||    10
       Potion            |       |     2 ||     2
 Stab: Sleeping          |    19 |     8 ||    27
       Confused          |     1 |     5 ||     6
Armor: Robe              |     7 |       ||     7
       Leather armour    |    30 |    32 ||    62
Dodge: Dodged            |    49 |    72 ||   121

Table legend: (Time is in decaauts)
 A = Elapsed time spent in this place.
 B = Non-inter-level travel time spent in this place.
 C = Inter-level travel time spent in this place.
 D = Time resting spent in this place.
 E = Time spent auto-exploring this place.
 F = Levels seen in this place.
 G = Mean time per level.
                   A        B        C        D        E       F      G
               +--------+--------+--------+--------+--------+-----+--------+
         Total |   3686 |   3636 |     50 |    672 |   1221 |   5 |  737.2 |
       Dungeon |   3586 |   3536 |     50 |    672 |   1221 |   4 |  896.5 |
       Ossuary |     99 |     99 |      0 |      0 |      0 |   1 |   99.0 |
               +--------+--------+--------+--------+--------+-----+--------+

Top non-repeatable levels by time:
     D:1: 1480 daAuts
     D:3: 953 daAuts
     D:2: 793 daAuts
     D:4: 359 daAuts
 Ossuary: 99 daAuts
